 Dungeon Crawl Stone Soup version 0.29-a0-473-gacb4ef3bc5 (webtiles) character file.

Game seed: 10470932265017299234

25 KristoblXynda the Skirmisher (level 2, 0/26 HPs)
             Began as a Draconian Monk on May 23, 2022.
             Slain by Terence
             ... wielding a +0 hand axe
              (5 damage)
             ... on level 2 of the Dungeon.
             The game lasted 00:00:46 (929 turns).

KristoblXynda the Skirmisher (Draconian Monk)        Turns: 929, Time: 00:00:47

Health: 0/26       AC:  4    Str: 13    XL:     2   Next: 86%
Magic:  2/2        EV: 13    Int: 10    God:
Gold:   90         SH:  0    Dex: 13    Spells: 1/1 levels left

rFire   . . .      SeeInvis .     - Unarmed
rCold   . . .      Faith    .   (no shield)
rNeg    . . .      Spirit   .   (body armour unavailable)
rPois   .          Reflect  .   (helmet restricted)
rElec   .          Harm     .   (no cloak)
rCorr   .          Rampage  .   (no gloves)
Will    .....                   (no boots)
Stlth   ++........              (no amulet)
HPRegen 0.08/turn               (no ring)
MPRegen 0.08/turn               (no ring)

@: attractive
A: AC +4, unfitting armour, cold-blooded
a: no special abilities


You were on level 2 of the Dungeon.
You visited 1 branch of the dungeon, and saw 2 of its levels.

You collected 90 gold pieces.

Inventory:

Scrolls
 d - a scroll of teleportation {unknown}
 e - a scroll of amnesia {unknown}
 f - a scroll of immolation {unknown}
 h - a scroll of vulnerability {unknown}
Potions
 a - a potion of ambrosia
 b - a potion of attraction
 c - a potion of flight {unknown}
 g - a potion of heal wounds {unknown}


   Skills:
 + Level 3.6 Fighting
 + Level 3.1 Dodging
 - Level 1.7 Stealth
 + Level 3.5 Unarmed Combat


You had one spell level left.
You didn't know any spells.
Your spell library was empty.

Dungeon Overview and Level Annotations

Branches:
Dungeon (2/15)

Altars:

Annotations:
D:2 Terence


Innate Abilities, Weirdness & Mutations

Your plain brown scales are hard. (AC +4)
You cannot fit into any form of body armour.
You are cold-blooded and may be slowed by cold attacks.


Message History

You kill the frilled lizard!
Terence misses you.
You hit Terence.
Terence is lightly wounded.
Terence hits you with a +0 hand axe.
You hit Terence but do no damage.
Terence is lightly wounded.
Terence hits you with a +0 hand axe!
You closely miss Terence.
Terence is lightly wounded.
Terence closely misses you.
You barely miss Terence.
Terence is lightly wounded.
Terence misses you.
You closely miss Terence.
Terence is lightly wounded.
Terence barely misses you.
You hit Terence.
Terence is lightly wounded.
Terence hits you with a +0 hand axe!
You hit Terence but do no damage.
Terence is lightly wounded.
Terence completely misses you.
You barely miss Terence. You tail-slap Terence.
Terence is moderately wounded.
Terence hits you but does no damage. Terence attacks as you move away!
Terence hits you with a +0 hand axe.
* * * LOW HITPOINT WARNING * * *
Terence attacks as you move away! Terence hits you but does no damage.
It was a potion of attraction.
You feel attractive to monsters. Terence hits you with a +0 hand axe.
* * * LOW HITPOINT WARNING * * *
Unknown command.
Okay, then.
Unknown command.
You hit Terence but do no damage.
Terence is lightly wounded.
Terence hits you with a +0 hand axe.
You die...

####### .# #......
##.# ##.#.#..##..#
#...........#
#..#.#......#####.
#......#..........
##..?..#.######
.......#.<#.#
###....†.@@##
#....###.# ##.#.
#..# #... ...#
#... #.## .... ..#
.#. ... .##


You could see Terence.

Vanquished Creatures
  A dart slug (D:2)
  A giant cockroach (D:1)
  2 goblins (D:1)
  A hobgoblin (D:1)
  3 jackals (D:1)
  2 quokkas (D:1)
  3 ball pythons (D:1)
  2 bats (D:1)
  2 frilled lizards
  6 rats (D:1)
23 creatures vanquished.

Notes
Turn   | Place    | Note
-------+----------+-------------------------------------------
     0 | D:1      | KristoblXynda the Draconian Monk began the quest for the
                  | Orb.
     0 | D:1      | Reached XP level 1. HP: 19/19 MP: 1/1
   221 | D:1      | You fall into a shaft and drop 1 floor!
   313 | D:1      | Reached XP level 2. HP: 21/26 MP: 2/2
   607 | D:1      | Found a faded altar of an unknown god.
   907 | D:2      | Noticed Terence
   929 | D:2      | Slain by Terence

Illustrated notes

Levels and vault maps discovered:
D:1:      dpeg_arrival_oval, layout_basic,
          chequers_ecumenical_altar_simple_redux, chequers_arboretum
D:2:      layout_loops_ring, serial_co_window_serial, co_window_paths_a,
          co_window_corner_a, co_window_corner_a, co_window_paths_a,
          co_window_paths_b, co_window_paths_b, co_window_of_opportunity_a,
          co_window_2corner, co_window_of_opportunity_b,
          co_window_unsneaky_path_c, co_window_4corner_a, co_window_paths_e,
          glass_columns_a, glass_columns_a, glass_columns_a, glass_columns_a,
          glass_columns_a, serial_bayou_lagoon_a, uniq_terence, uniq_sigmund

Skill      XL: |  1  2 |
---------------+-------+-----
Dodging        | 3 |  3.1
Fighting       | |  3.6
Stealth        | |  1.7
Unarmed Combat | |  3.5

Action                   || total
-------------------------++-------
Melee: Unarmed           ||    70
       Tailslap          ||     8
       Punch             ||     3
  Use: Potion            ||     1
 Stab: Sleeping          ||     2
Armor: Skin              ||    25
Dodge: Dodged            ||    51

Table legend: (Time is in decaauts)
 A = Elapsed time spent in this place.
 B = Non-inter-level travel time spent in this place.
 C = Inter-level travel time spent in this place.
 D = Time resting spent in this place.
 E = Time spent auto-exploring this place.
 F = Levels seen in this place.
 G = Mean time per level.
                   A        B        C        D        E       F      G
               +--------+--------+--------+--------+--------+-----+--------+
         Total |    924 |    890 |     34 |      0 |    727 |   2 |  462.0 |
       Dungeon |    924 |    890 |     34 |      0 |    727 |   2 |  462.0 |
               +--------+--------+--------+--------+--------+-----+--------+

Top non-repeatable levels by time:
     D:1: 818 daAuts
     D:2: 106 daAuts
